 Dungeon Crawl Stone Soup version 0.27-a0-676-gc1da3516c2 (webtiles) character file.

Game seed: 1966004723475124142

16694 DasRunzen the Conjurer (level 11, -1/91 HPs)
             Began as a Demigod Conjurer on Mar 18, 2021.
             Slain by Snorg (10 damage)
             ... on level 10 of the Dungeon.
             The game lasted 00:38:58 (16201 turns).

DasRunzen the Conjurer (Demigod Conjurer)          Turns: 16201, Time: 00:38:58

Health: -1/91      AC: 11    Str: 16    XL:     11   Next: 83%
Magic:  20/24      EV: 15    Int: 20    God:
Gold:   966        SH:  0    Dex: 16    Spells: 16/23 levels left

rFire    . . .     SeeInvis .   u - +7 great mace "Undeadhunter" {disrupt, rN+}
rCold    + . .     Faith    .   (shield currently unavailable)
rNeg     + . .     Spirit   .   s - +3 leather armour
rPois    .         Reflect  .   i - +2 helmet
rElec    .         Harm     .   (no cloak)
rCorr    .         Rampage  .   E - +0 pair of gloves
Will     ++...     Clarity  +   (no boots)
Stlth    ++........             B - amulet of regeneration
HPRegen  1.25/turn              F - ring of wizardry
MPRegen  0.19/turn              e - ring of protection from cold

@: no status effects
A: high mp 1, forlorn, clarity, strong-willed 1
a: no special abilities


You were on level 10 of the Dungeon.
You visited 1 branch of the dungeon, and saw 12 of its levels.

You collected 3125 gold pieces.
You spent 2159 gold pieces at shops.

Inventory:

Hand Weapons
 u - the +7 great mace "Undeadhunter" (weapon) {disrupt, rN+}
   (You bought it in a shop on level 7 of the Dungeon)

   It protects you from negative energy.
Armour
 i - a +2 helmet (worn)
 s - a +3 leather armour (worn)
 E - a +0 pair of gloves (worn)
Magical Staves
 a - a staff of conjuration
 j - a staff of fire
Jewellery
 b - a ring of ice
 c - an amulet of the acrobat
 d - a ring of resist corrosion
 e - a ring of protection from cold (left hand)
 l - a ring of fire
 B - an amulet of regeneration (around neck)
 F - a ring of wizardry (right hand)
 H - a ring of ice
Wands
 k - a wand of random effects (23)
 n - a wand of polymorph (15)
 t - a wand of acid (10)
 G - a wand of flame (13)
Scrolls
 h - 4 scrolls of enchant armour
 p - 2 scrolls of magic mapping
 q - a scroll of identify
 r - 2 scrolls of enchant weapon
 v - a scroll of fog
 y - 2 scrolls of teleportation
 A - a scroll of fear
 D - 2 scrolls of amnesia
Potions
 f - 2 potions of brilliance
 g - 4 potions of haste
 m - 2 potions of lignification
 o - 6 potions of curing
 w - a potion of magic
 z - 2 potions of berserk rage
 C - 2 potions of degeneration {unknown}


   Skills:
 + Level 6.9 Fighting
 + Level 4.5(5.7) Maces & Flails
 + Level 5.4(6.2) Staves
 + Level 6.8 Armour
 + Level 7.1 Dodging
 - Level 1.7 Stealth
 + Level 6.5 Spellcasting
 + Level 7.9 Conjurations
 + Level 0.8 Necromancy
 + Level 6.5 Evocations


You had 16 spell levels left.
You knew the following spells:

 Your Spells              Type           Power      Damage    Failure   Level
a - Magic Dart            Conj           100%       1d8       1%          1
b - Searing Ray           Conj           76%        3d6       1%          2
c - Animate Dead          Necr           5%         N/A       32%         4

Your spell library contained the following spells:

 Spells                   Type           Power      Damage    Failure   Level
 Dazzling Flash           Conj/Hex       44%        N/A       2%          3
 Animate Skeleton         Necr           20%        N/A       3%          1
 Pain                     Necr           40%        1d6       3%          1
 Freeze                   Ice            24%        1d5       4%          1
 Fulminant Prism          Conj/Hex       11%        3d9       9%          4
 Hailstorm                Conj/Ice       22%        3d7       9%          4
 Iskenderun's Mystic Bla  Conj/Tloc      22%        2d6       9%          4
 Vampiric Draining        Necr           5%         2d6       10%         3
 Frozen Ramparts          Ice            12%        1d3       14%         3
 Ozocubu's Armour         Ice            6%         N/A       14%         3
 Summon Ice Beast         Ice/Summ       6%         N/A       41%         4
 Agony                    Necr           10%        N/A       63%         5


Dungeon Overview and Level Annotations

Branches:
Dungeon (12/15)            Temple (0/1) D:7            Lair (0/6) D:10
    Orc (0/2) D:10

Shops:
D:7 (   D:9 =   D:12 ?

Portals:
Abyss: D:4
Trove: D:12 (give 8 potions of haste)

Annotations:
D:4 2 transporters
D:10 Harold, Snorg


Innate Abilities, Weirdness & Mutations

Your attributes grow dramatically as you level up.
You have an increased reservoir of magic. (+10% MP)
You shall have no god before yourself.
You possess an exceptional clarity of mind.
You are strong-willed. (Will+)


Message History

Snorg claws you. Snorg claws you!
You are too injured to fight recklessly!
Casting: Searing Ray (safe; 1% risk of failure)
Confirm with . or Enter, or press ? or * to list all spells.
Aiming: Searing Ray (safe; 1% risk of failure)
Press: ? - help, Shift-Dir - straight line, f - Snorg
Aim: Snorg (lightly wounded, berserk, 19% to evade)
The searing ray hits Snorg!
Snorg is lightly wounded. (Press . to maintain the ray.) Snorg bites you.
Snorg claws you but does no damage. Snorg closely misses you.
The searing ray hits Snorg!!
Snorg is moderately wounded.
Snorg bites you!!
* * * LOW HITPOINT WARNING * * *
Snorg claws you.
* * * LOW HITPOINT WARNING * * *
Snorg barely misses you. x3; Snorg claws you but does no damage.
The searing ray hits Snorg!
Snorg is moderately wounded.
Snorg closely misses you. Snorg barely misses you. Snorg misses you.
Unknown command.
The searing ray hits Snorg!
Snorg is heavily wounded.
You finish channeling your searing ray.
Snorg barely misses you. Snorg closely misses you.
Snorg claws you but does no damage. Snorg misses you. Snorg claws you!
* * * LOW HITPOINT WARNING * * *
Snorg barely misses you.
You feel much better. Snorg barely misses you.
Snorg claws you but does no damage. Snorg claws you.
You feel much better.
Snorg closely misses you. x2; Snorg misses you.
Snorg bites you!! Snorg claws you but does no damage. Snorg claws you!
* * * LOW HITPOINT WARNING * * *
You sock Snorg!
Snorg is heavily wounded.
Snorg bites you!
* * * LOW HITPOINT WARNING * * *
Snorg misses you. Snorg closely misses you. Snorg misses you. Snorg claws you!
You die...

.....#..... ###.....######....##.
.....#...######'..#......#....#..
.....#...#.......))......#....'..
.....#...#...............#....#..
.....#####...............'....#..
#'##...).................#....#..
...#.....................####'#..
...'.............#######.(.......
...#............@...)............
.[.#............T###'###.........
...#.............#8...8#.........
#'##.............#.....#.........
.................#..>..####'#####
....######.......#.....#.>.......
....# #...)...#8...8#.........
....# #.......#######.........
....# #.........#.............


You could see Snorg (berserk).

Vanquished Creatures
  Fannar (D:10)
  The ghost of kuniqs the Fencer, a journeyman TeBe of Trog (D:12)
  A centaur warrior (D:9)
  2 two-headed ogres
  2 oklob plants (D:11)
  An ice statue (D:11)
  Psyche (D:10)
  A hornet (D:8)
  Prince Ribbit (D:5)
  5 slime creatures
  A vampire (D:11)
  2 wyverns
  2 wraiths
  13 yaks
  A steam dragon (D:7)
  3 wargs
  A water moccasin (D:8)
  A hornet zombie (D:8)
  5 orc warriors
  3 sky beasts
  A black bear (D:12)
  2 necrophages
  7 ice beasts
  9 ogres
  5 centaurs
  3 phantoms
  3 kobold brigands
  3 gnoll sergeants (D:10)
  7 bullfrogs
  A wyvern zombie (D:7)
  2 wyvern skeletons
  4 scorpions
  9 killer bees (D:11)
  11 wights (D:12)
  6 howler monkeys
  The ghost of EnegeticOcto the Twirler, a weakling HaGl (D:5)
  An electric eel (D:8)
  3 centaur zombies
  A bullfrog zombie (D:12)
  A centaur skeleton (D:6)
  8 hounds
  A quasit (D:12)
  6 orc priests
  5 bullfrog skeletons
  A gnoll shaman (D:5)
  2 jellies
  3 iguanas
  7 worker ants
  9 orc wizards
  2 hound zombies (D:8)
  2 hound skeletons
  19 gnolls
  21 adders
  7 shadow imps
  2 white imps (D:6)
  An ufetubus (D:5)
  An adder zombie (D:5)
  3 worms
  A dart slug (D:1)
  5 leopard geckos
  47 orcs
  5 giant cockroaches
  3 goblins
  6 hobgoblins
  10 jackals
  6 kobolds
  3 quokkas
  5 bats
  5 frilled lizards
  2 leopard gecko skeletons
  A leopard gecko zombie (D:5)
  7 rats
334 creatures vanquished.

Vanquished Creatures (others)
  20 plants
20 creatures vanquished.

Grand Total: 354 creatures vanquished

Notes
Turn   | Place    | Note
-------+----------+-------------------------------------------
     0 | D:1      | DasRunzen the Demigod Conjurer began the quest for the Orb.
     0 | D:1      | Reached XP level 1. HP: 14/14 MP: 5/5
   395 | D:1      | Reached XP level 2. HP: 22/22 MP: 2/7
   398 | D:1      | Learned a level 2 spell: Searing Ray
  1127 | D:2      | Reached skill level 1 in Fighting
  1127 | D:2      | Reached XP level 3. HP: 27/28 MP: 1/8
  1175 | D:2      | Reached skill level 1 in Armour
  1867 | D:2      | Reached XP level 4. HP: 35/35 MP: 7/10
  3629 | D:3      | Reached XP level 5. HP: 26/41 MP: 7/11
  4043 | D:4      | Noticed a small abomination
  4055 | D:4      | Identified the +6 hunting sling of Perch {venom, Fragile
                  | rN+ Str+7}
  4113 | D:4      | Found a transporter.
  4129 | D:4      | Found a transporter.
  4149 | D:4      | Found a one-way gate to the infinite horrors of the Abyss.
  4249 | D:4      | Reached skill level 1 in Evocations
  4303 | D:4      | Noticed an ogre
  4305 | D:4      | Noticed an ogre
  4315 | D:4      | Killed an ogre
  4315 | D:4      | Killed an ogre
  4316 | D:4      | Reached XP level 6. HP: 49/49 MP: 6/13
  4879 | D:5      | Entered Level 5 of the Dungeon
  5062 | D:5      | Reached XP level 7. HP: 54/56 MP: 4/15
  5487 | D:5      | Noticed Prince Ribbit
  5879 | D:5      | Killed Prince Ribbit
  5880 | D:5      | Reached skill level 5 in Conjurations
  6068 | D:5      | Found a runed translucent gate.
  6068 | D:5      | Found a runed translucent gate.
  6068 | D:5      | Found a runed translucent gate.
  6418 | D:5      | Noticed EnegeticOcto's ghost (weakling HaGl)
  6759 | D:6      | Reached XP level 8. HP: 64/64 MP: 10/17
  7802 | D:6      | Gained mutation: You are strong-willed. (Will+) [potion of
                  | mutation]
  7802 | D:6      | Gained mutation: You possess an exceptional clarity of
                  | mind. [potion of mutation]
  7807 | D:6      | Identified 3 scrolls of acquirement
  7807 | D:6      | Acquired 1201 gold pieces
  7809 | D:6      | Acquired 1035 gold pieces
  7811 | D:6      | Acquired a staff of conjuration
  8099 | D:7      | Noticed a two-headed ogre
  8106 | D:7      | Killed a two-headed ogre
  8107 | D:7      | Reached skill level 1 in Staves
  8107 | D:7      | Reached XP level 9. HP: 72/72 MP: 11/19
  8223 | D:7      | Found a staircase to the Ecumenical Temple.
  8300 | D:7      | Reached skill level 5 in Dodging
  8919 | D:7      | Found Helior's Antique Weapon Boutique.
  8943 | D:7      | Bought the +7 great mace "Undeadhunter" {disrupt, rN+} for
                  | 1739 gold pieces
  8943 | D:7      | Found the +7 great mace "Undeadhunter" {disrupt, rN+}
  9487 | D:8      | Reached skill level 5 in Fighting
  9487 | D:8      | Reached skill level 1 in Maces & Flails
  9571 | D:8      | Reached skill level 5 in Armour
  9899 | D:8      | Reached skill level 5 in Spellcasting
 10182 | D:8      | You fall into a shaft and drop 2 floors!
 10182 | D:10     | Entered Level 10 of the Dungeon
 10257 | D:10     | Noticed Harold
 10311 | D:11     | Reached XP level 10. HP: 25/81 MP: 9/21
 10644 | D:10     | Noticed Snorg
 10990 | D:11     | Reached skill level 5 in Evocations
 11238 | D:11     | Noticed an oklob plant
 11252 | D:11     | Killed an oklob plant
 11324 | D:11     | Noticed an oklob plant
 11338 | D:11     | Killed an oklob plant
 11863 | D:11     | Noticed an ice statue
 11980 | D:11     | Killed an ice statue
 12103 | D:12     | Noticed kuniqs's ghost (journeyman TeBe)
 12109 | D:12     | Found a runed translucent door.
 12150 | D:12     | Noticed a two-headed ogre
 12157 | D:12     | Killed a two-headed ogre
 12426 | D:12     | Reached XP level 11. HP: 86/89 MP: 23/23
 12690 | D:12     | Found Fuvutu's Magic Scroll Shoppe.
 12707 | D:12     | Found a portal to a secret trove of treasure.
 13233 | D:12     | Killed kuniqs's ghost
 13826 | D:10     | Noticed Psyche
 13831 | D:10     | Killed Psyche
 13832 | D:10     | Reached skill level 5 in Staves
 13901 | D:10     | Found a staircase to the Lair.
 13966 | D:10     | Noticed Fannar
 14150 | D:9      | Noticed a centaur warrior
 14157 | D:9      | Killed a centaur warrior
 14257 | D:9      | Identified the +0 chain mail of Lucidity {+Blink Int+3
                  | Dex+4}
 14461 | D:9      | Found Uchiehin's Jewellery Boutique.
 14469 | D:9      | Bought a ring of wizardry for 420 gold pieces
 15349 | D:8      | Learned a level 4 spell: Animate Dead
 15515 | D:5      | Killed EnegeticOcto's ghost
 15982 | D:10     | Killed Fannar
 16174 | D:10     | Found a staircase to the Orcish Mines.
 16201 | D:10     | Slain by Snorg

Illustrated notes

Levels and vault maps discovered:
D:1:      eino_arrival_druids_welcome, layout_loops_cross
D:2:      layout_basic
D:3:      layout_basic
D:4:      minmay_door_path, layout_rooms, gammafunk_ghost_abyssal_escape
D:5:      layout_cave_pools, ebering_ghost_rock_garden, uniq_prince_ribbit1
D:6:      layout_gridville
D:7:      layout_loops_ring, minmay_temple_entry_butterflies, serial_shops,
          shop_coins
D:8:      layout_cave_pools, marbit_many_paths, serial_bayou_lagoon_a
D:9:      minmay_ornate_pinched, layout_long_grid, serial_shops,
          nicolae_shop_crystal, serial_rivers, chequers_serial_rivers_micro_a,
          chequers_serial_rivers_large_b, chequers_serial_rivers_micro_a,
          chequers_serial_rivers_large_a
D:10:     layout_gridville, erik_lair_orcish_takeover,
          kennysheep_orc_monster_closet_entryway, uniq_harold, uniq_psyche,
          uniq_snorg, uniq_fannar
D:11:     layout_rooms, minivault_15, hangedman_tree_tricks, grunt_qazlal_clouds
D:12:     layout_roguey, enter_trove_1, serial_shops, nicolae_shop_statue_plus,
          hellmonk_ghost_happy_afterlife, basic_altar

Skill      XL: |  1  2  3  4  5  6  7  8  9 10 11 |
---------------+----------------------------------+-----
Dodging        | 2 3 4 5 6 7 |  7.1
Spellcasting   | 2 3 4 5 6 |  6.5
Fighting       | 1 2 3 4 5 6 |  6.9
Armour         | 1 2 3 4 5 6 |  6.8
Conjurations   | 4 5 6 7 |  7.9
Evocations     | 1 2 3 4 5 6 |  6.5
Staves         | 1 3 4 5 |  5.4
Maces & Flails | 1 3 4 |  4.5
Stealth        | |  1.7
Necromancy     | |  0.8

Action                   |  1- 3 |  4- 6 |  7- 9 | 10-12 || total
-------------------------+-------+-------+-------+-------++-------
Melee: Unarmed           |     2 |       |       |       ||     2
       Staff             |       |    49 |   131 |       ||   180
       Great mace        |       |       |    42 |   310 ||   352
 Cast: Magic Dart        |    64 |    42 |    74 |       ||   180
       Searing Ray       |     5 |    18 |    42 |    51 ||   116
  Use: Scroll            |     4 |     5 |    15 |     3 ||    27
       Potion            |       |       |     1 |     2 ||     3
 Stab: Sleeping          |       |       |     2 |     3 ||     5
Armor: Robe              |     1 |    19 |    11 |       ||    31
       Leather armour    |       |       |    68 |   133 ||   201
Dodge: Dodged            |     5 |    53 |   240 |   434 ||   732

Table legend: (Time is in decaauts)
 A = Elapsed time spent in this place.
 B = Non-inter-level travel time spent in this place.
 C = Inter-level travel time spent in this place.
 D = Time resting spent in this place.
 E = Time spent auto-exploring this place.
 F = Levels seen in this place.
 G = Mean time per level.
                   A        B        C        D        E       F      G
               +--------+--------+--------+--------+--------+-----+--------+
         Total |  16457 |  15511 |    946 |   2955 |   9699 |  12 | 1371.4 |
       Dungeon |  16457 |  15511 |    946 |   2955 |   9699 |  12 | 1371.4 |
               +--------+--------+--------+--------+--------+-----+--------+

Top non-repeatable levels by time:
    D:11: 2068 daAuts
     D:5: 1669 daAuts
     D:7: 1636 daAuts
     D:3: 1549 daAuts
     D:8: 1335 daAuts
     D:4: 1284 daAuts
     D:2: 1283 daAuts
     D:9: 1238 daAuts
     D:6: 1215 daAuts
    D:10: 1080 daAuts
     D:1: 1069 daAuts
    D:12: 1025 daAuts
